 Dungeon Crawl Stone Soup version 0.29.1-12-g30fa7ad0bf (webtiles) character file.

Game seed: 8205003474728701034

28 retardedninja the Covered (level 3, 32/33 HPs)
             Began as a Minotaur Fighter on Jan 9, 2023.
             Quit the game on level 1 of the Dungeon.
             The game lasted 00:00:47 (338 turns).

retardedninja the Covered (Minotaur Fighter)         Turns: 338, Time: 00:00:47

Health: 32/33      AC:  7    Str: 20    XL:     3   Next: 0%
Magic:  2/2        EV:  9    Int:  5    God:
Gold:   34         SH:  4    Dex: 11    Spells: 2/2 levels left

rFire   . . .      SeeInvis .   a - +0 war axe
rCold   . . .      Faith    .   c - +0 buckler
rNeg    . . .      Spirit   .   b - +0 scale mail
rPois   .          Reflect  .   (helmet restricted)
rElec   .          Harm     .   (no cloak)
rCorr   .          Rampage  .   (no gloves)
Will    .....                   (no boots)
Stlth   ..........              (no amulet)
HPRegen 0.11/turn               (no ring)
MPRegen 0.08/turn               (no ring)

@: no status effects
A: horns 2, retaliatory headbutt
a: no special abilities


You were on level 1 of the Dungeon.
You visited 1 branch of the dungeon, and saw 1 of its levels.

You collected 34 gold pieces.

Inventory:

Hand Weapons
 a - a +0 war axe (weapon)
Armour
 b - a +0 scale mail (worn)
 c - a +0 buckler (worn)
Scrolls
 e - a scroll of teleportation {unknown}
 g - a scroll of enchant armour {unknown}
Potions
 d - a potion of might
 f - a potion of degeneration {unknown}
 h - a potion of heal wounds {unknown}


   Skills:
 + Level 4.0 Fighting
 + Level 3.0 Axes
 + Level 4.0 Armour
 + Level 4.0 Shields


You had 2 spell levels left.
You didn't know any spells.
Your spell library was empty.

Dungeon Overview and Level Annotations

Branches:
Dungeon (1/15)

Altars:


Innate Abilities, Weirdness & Mutations

You have a pair of horns on your head.
You reflexively headbutt those who attack you in melee.


Message History

You kill the ball python!
You block the bat's attack.
Your Axes skill increases to level 3!
You barely miss the rat. You headbutt the rat.
You kill the rat!
You block the bat's attack.
Unknown command.
You hit the bat.
You kill the bat!
Unknown command.
No target in view!
No target in view!
You see here a ball python corpse.
Things that are here:
a rat corpse; a giant cockroach corpse A goblin comes into view.
It is wielding a +2 dagger of protection.
The goblin shouts!
A goblin is nearby!
A goblin is nearby!
Found a scroll labelled GETYUR BUGE.
You block the goblin's attack.
A goblin is nearby!
A goblin is nearby!
You hit the goblin but do no damage. You headbutt the goblin.
The goblin is heavily wounded.
A hobgoblin comes into view.
The goblin hits you with a +2 dagger of protection.
There are monsters nearby!
You completely miss the goblin. You headbutt the goblin.
You kill the goblin!
You have reached level 3!
Your experience leads to an increase in your attributes!
Increase (S)trength, (I)ntelligence, or (D)exterity?
Uppercase letters only, please.
You feel agile. x2
Save game and exit? [Y]es or [N]o only, please.
Save game and exit?
Okay, then.
Are you sure you want to abandon this character and quit the game? (Confirm with "yes".)

....§# ..#...........#
....§§ .........#..
...§§§ #....######. ##
##>.#.# #. ##. #...#.#
#. ###.. #..##.######.
###....#####............
.?.........†.........(..
..g...)@...†####......†#
#...........####........
..##.........##.........
#.........##...[.....
#.........##......)†.
#.........##.........
#....[....##.......†.
##.......####........
......... ##........


You could see a hobgoblin.

Vanquished Creatures
  2 ball pythons (D:1)
  A giant cockroach (D:1)
  3 hobgoblins (D:1)
  5 jackals (D:1)
  A quokka (D:1)
  3 bats (D:1)
  2 frilled lizards (D:1)
  3 goblins (D:1)
  A kobold (D:1)
  5 rats (D:1)
26 creatures vanquished.

Notes
Turn   | Place    | Note
-------+----------+-------------------------------------------
     0 | D:1      | retardedninja the Minotaur Fighter began the quest for the
                  | Orb.
     0 | D:1      | Reached XP level 1. HP: 19/19 MP: 0/0
    34 | D:1      | Found a faded altar of an unknown god.
   202 | D:1      | Reached XP level 2. HP: 27/27 MP: 1/1
   338 | D:1      | Reached XP level 3. HP: 32/33 MP: 2/2
   338 | D:1      | Quit the game

Illustrated notes

Levels and vault maps discovered:
D:1:      heliophobic_arrival_dark_side_of_the_moon, layout_rooms,
          ebering_ecumenical_altar_abandoned

Skill      XL: |  1  2 |
---------------+-------+-----
Armour         | 4 |  4.0
Shields        | 4 |  4.0
Fighting       | 4 |  4.0
Axes           | 3 |  3.0

Action                   || total
-------------------------++-------
Melee: War axe           ||    38
       Headbutt          ||    10
Armor: Scale mail        ||    22
Dodge: Dodged            ||    14
Block: Buckler           ||    15
